AoeStats
← valmircampolino

Nomad

508530707Analyzed
2v2 RM · 10d ago on Sep 22, 2026· 18m 11s· 4 players
Game mode
Random Map
Map size
176×176
Population
200
Speed
Normal
Resources
Standard
Victory
Conquest
Starting age
Dark Age
Ending age
Imperial Age
RankedLock teamsTeams togetherTeam positionsShared explorationLock speedFull tech treeHidden civsTurbo modeCheats
Victory
Defeat
🇧🇷 Wu · Brazil
1264
+16
🇦🇷 Japanese · Argentina
1256
+16
🇨🇱 Italians · Chile
1381
-21
🇸🇪 Malians · Sweden
1145
-11
El kaiser
4:51 Loom
12:51 Feudal Age
13:20 Double-Bit Axe
14:07 Fletching
valmircampolino
4:28 Loom
13:19 Feudal Age
17:43 Castle Age
18:19 Forging
18:11 Scale Mail Armor
18:04 Double-Bit Axe
18:49 Medium Warships
[CL]Jigsaw
4:43 Loom
13:30 Feudal Age
14:11 Town Watch
19:47 Castle Age
Bulbu
3:51 Loom
14:16 Feudal Age
19:05 Castle Age
18:07 Scale Barding Armor
Connection lost

Rejoining the realm…

Still unreachable

The connection could not be restored.

Session expired

The server has moved on; the page needs a fresh start.